 Dungeon Crawl Stone Soup version 0.22.1-6-g1668fe2c40 (webtiles) character file.

1880 Gargoyl the Chopper (level 8, -7/67 HPs)
             Began as a Centaur Abyssal Knight on Jan 19, 2019.
             Was a Priest of Lugonu.
             Mangled by an orc warrior
             ... wielding a +0 halberd
              (15 damage)
             ... on level 6 of the Dungeon.
             The game lasted 00:11:51 (7399 turns).

Gargoyl the Chopper (Centaur Abyssal Knight)        Turns: 7399, Time: 00:11:52

Health: -7/67      AC: 15    Str: 15    XL:     8   Next: 91%
Magic:  11/11      EV:  5    Int: 11    God:    Lugonu [***...]
Gold:   204        SH:  0    Dex: 11    Spells: 7/7 levels left

rFire    . . .     SeeInvis +   n - +2 hand axe (holy)
rCold    . . .     Gourm    .   (no shield)
rNeg     . . .     Faith    .   d - +4 chain mail
rPois    .         Spirit   .   i - +0 helmet
rElec    .         Reflect  .   o - +0 cloak
rCorr    .         Harm     .   (no gloves)
MR       .....                  (no barding)
Stlth    ..........             (no amulet)
HPRegen  0.21/turn              b - ring of see invisible
MPRegen  0.12/turn              (no ring)

@: very quick
A: large, hooves 3, deformed body, speed 2, tough skin 3
a: Depart the Abyss, Bend Space, Banish, Renounce Religion


You were on level 6 of the Dungeon.
You worshipped Lugonu.
Lugonu was most pleased with you.
You were not hungry.

You visited 1 branch of the dungeon, and saw 6 of its levels.
You visited the Abyss 1 time.

You collected 204 gold pieces.

Inventory:

Hand Weapons
 a - a +2 hand axe
 n - a +2 hand axe of holy wrath (weapon)
Missiles
 j - 3 javelins (quivered)
Armour
 d - a +4 chain mail (worn)
 i - a +0 helmet (worn)
 o - a +0 cloak (worn)
Jewellery
 b - a ring of see invisible (left hand)
Wands
 g - a wand of clouds (5)
Scrolls
 h - 5 scrolls of identify
 k - a scroll of blinking
Potions
 e - 2 potions of agility
 f - 2 potions of flight
 l - a potion of mutation {unknown}
 m - a potion of heal wounds
Comestibles
 c - 9 rations


   Skills:
 + Level 4.7 Fighting
 + Level 5.6 Axes
 + Level 1.7 Throwing
 * Level 5.1 Armour
 * Level 3.1 Dodging
 * Level 5.2 Invocations


You had 7 spell levels left.
You didn't know any spells.
Your spell library contained the following spells:

 Spells                   Type           Power        Failure   Level  Hunger
 Freeze                   Ice            #...         99%         1    ##.....
 Magic Dart               Conj           #...         99%         1    ##.....
 Pain                     Necr           #...         99%         1    ##.....
 Sting                    Conj/Pois      #...         99%         1    ##.....
 Summon Butterflies       Summ           #.......     99%         1    ##.....


Dungeon Overview and Level Annotations

Branches:
Dungeon (6/15)             Temple (0/1) D:5

Altars:
Dithmenos
Elyvilon
Fedhas
Kikubaaqudgha
Ru
The Shining One

Annotations:
D:2 BushDid911's ghost, amateur DsFi
D:6 2 transporters, dondy's ghost, novice DEFE


Innate Abilities, Weirdness & Mutations

You have hooves in place of feet.
Armour fits poorly on your strangely shaped body.
You cover ground very quickly.
You have extremely tough skin. (AC +3)


Message History

The orc priest is moderately wounded.
The orc priest hits you but does no damage.
The orc warrior hits you from afar with a halberd.
You closely miss the orc priest.
The orc priest is moderately wounded.
The orc priest hits you but does no damage.
The orc warrior hits you but does no damage.
You slash the orc priest!
The orc priest is almost dead.
The orc priest looks encouraged for a moment.
You hit the orc priest.
You kill the orc priest!
Lugonu accepts your kill.
The orc warrior hits you from afar with a halberd!!
* * * LOW HITPOINT WARNING * * *
You slash the kobold!
You kill the kobold!
Lugonu accepts your kill.
The orc warrior hits you from afar with a halberd!
You die...

... # #... # ... .# #...
#.#####'##.# #.#...
.#..........###. #.#...
...............> ###.#.[.
.K.....oKK...............
#Ko# ...##..... ##(#
..####### #@## ..#.#$#..
#..# #.+.#$#.# #####..##
###.#$#.# .........#
##.#$#.#
.#######.####.###.#§#)#
...............#.#§#>#
#######..###.#.#.#§#..
......#......<#.#§###
#####.#.......#.#§#


You could see an orc warrior, an orc and 3 kobolds.

Vanquished Creatures
  Edmund (D:4)
  A sky beast (D:6)
  2 phantoms (D:5)
  4 ogres
  A big kobold (D:6)
  3 bullfrogs
  A water moccasin skeleton (D:4)
  A howler monkey (D:6)
  A bullfrog zombie (D:6)
  A crimson imp (D:5)
  A jelly (D:6)
  A hound (D:5)
  3 orc priests
  A bullfrog skeleton (D:5)
  A centaur skeleton (D:5)
  2 iguanas
  2 orc wizards
  8 worker ants
  A hound zombie (D:6)
  2 hound skeletons
  7 gnolls
  7 adders
  2 shadow imps
  3 oozes
  An adder skeleton (D:4)
  A worm (D:4)
  2 dart slugs
  3 leopard geckos
  14 orcs
  2 giant cockroaches (D:2)
  2 goblins
  A hobgoblin (D:1)
  4 jackals
  3 quokkas
  3 bats (D:1)
  4 frilled lizards
  A jackal zombie (D:6)
  10 kobolds
  A leopard gecko skeleton (D:4)
  8 rats
117 creatures vanquished.

Vanquished Creatures (others)
  An orc (D:3)
1 creature vanquished.

Grand Total: 118 creatures vanquished

Notes
Turn   | Place    | Note
-------+----------+-------------------------------------------
     0 | Abyss:1  | Gargoyl the Centaur Abyssal Knight began the quest for the
                  | Orb.
     0 | Abyss:1  | Reached XP level 1. HP: 19/19 MP: 2/2
   118 | Abyss:1  | Noticed a large abomination
   121 | Abyss:1  | Noticed an iron imp
   141 | Abyss:2  | Noticed a small abomination
   164 | Abyss:3  | Noticed a tentacled starspawn
   167 | D:1      | Escaped the Abyss
   462 | D:1      | Reached * piety under Lugonu
   569 | D:1      | Reached XP level 2. HP: 26/26 MP: 3/3
   834 | D:1      | Reached skill level 1 in Dodging
  1127 | D:2      | Reached XP level 3. HP: 19/31 MP: 4/4
  1681 | D:4      | Reached XP level 4. HP: 25/38 MP: 5/5
  2140 | D:3      | Reached ** piety under Lugonu
  2141 | D:3      | Reached XP level 5. HP: 22/45 MP: 7/7
  2158 | D:3      | You fall through a shaft for 3 floors!
  2421 | D:6      | Identified First Steps in Casting
  2436 | D:5      | Entered Level 5 of the Dungeon
  2536 | D:4      | Found a sacrificial altar of Ru.
  2766 | D:4      | Reached XP level 6. HP: 22/52 MP: 8/8
  3332 | D:4      | Found a blossoming altar of Fedhas.
  3493 | D:3      | Found an ancient bone altar of Kikubaaqudgha.
  3558 | D:3      | Found a runed door.
  3558 | D:3      | Noticed BushDid911's ghost (amateur DsFi)
  4066 | D:3      | Found a shadowy altar of Dithmenos.
  4066 | D:3      | Found a white marble altar of Elyvilon.
  4116 | D:3      | Reached XP level 7. HP: 18/59 MP: 9/9
  4454 | D:3      | Found a glowing golden altar of the Shining One.
  4916 | D:4      | Noticed Edmund
  4952 | D:4      | Killed Edmund
  4992 | D:4      | Reached *** piety under Lugonu
  5447 | D:5      | Found a staircase to the Ecumenical Temple.
  5501 | D:5      | Reached XP level 8. HP: 62/66 MP: 11/11
  5618 | D:5      | Reached skill level 1 in Throwing
  6856 | D:6      | Reached skill level 5 in Axes
  7052 | D:6      | Reached skill level 5 in Invocations
  7213 | D:6      | Reached skill level 5 in Armour
  7304 | D:6      | Noticed dondy's ghost (novice DEFE)
  7337 | D:6      | Found a transporter.
  7344 | D:6      | Found a transporter.
  7399 | D:6      | Mangled by an orc warrior

Skill      XL: |  1  2  3  4  5  6  7  8 |
---------------+-------------------------+-----
Dodging        | 1 2 3 |  3.1
Axes           | 2 3 4 5 |  5.6
Armour         | 2 3 4 5 |  5.1
Invocations    | 3 4 5 |  5.2
Fighting       | 4 |  4.7
Throwing       | 1 |  1.7

Action                   |  1- 3 |  4- 6 |  7- 9 || total
-------------------------+-------+-------+-------++-------
Melee: Hand axe          |    99 |   160 |   230 ||   489
       Kick              |    15 |    45 |    46 ||   106
Throw: Javelin           |       |     2 |    19 ||    21
Invok: Depart the Abyss  |     1 |       |       ||     1
       Bend Space        |       |     1 |       ||     1
Evoke: Wand              |     3 |       |       ||     3
  Use: Scroll            |     7 |     3 |     2 ||    12
       Potion            |     5 |       |     2 ||     7
 Stab: Invisible         |       |     1 |       ||     1
       Paralysed         |       |     1 |       ||     1
  Eat: Chunk             |     1 |     5 |     8 ||    14
       Ration            |       |     1 |       ||     1
Armor: Chain mail        |   106 |   114 |   138 ||   358
       Skin              |    15 |       |    12 ||    27
Dodge: Dodged            |    24 |    27 |    46 ||    97
